 Dungeon Crawl Stone Soup version 0.14.1-27-g0f46f74 (webtiles) character file.

45 Kae the Vexing (level 2, -17/13 HPs)
             Began as a Spriggan Enchanter on Aug 8, 2014.
             Demolished by Crazy Yiuf
             ... wielding a +4,+3 quarterstaff of chaos
              (19 damage)
             ... on Level 2 of the Dungeon.
             The game lasted 00:00:46 (998 turns).

Kae the Vexing (Spriggan Enchanter)                  Turns: 998, Time: 00:00:47

HP -17/13        AC  3     Str  4      XL: 2   Next: 55%
MP   2/8         EV 18     Int 16      God:
Gold 26          SH  0     Dex 16      Spells:  2 memorised,  4 levels left

rFire  . . .     SeeInvis +     a - +1 dagger
rCold  . . .     Clarity  .     b - +1 robe
rNeg   . . .     Conserve .     (shield restricted)
rPois  .         rCorr    .     (helmet restricted)
rElec  .         rRot     .     (no cloak)
SustAb . .       Spirit   .     (gloves unavailable)
rMut   .         Warding  .     (boots unavailable)
Saprov . . .     Stasis   .     (no amulet)
MR     .....                    (no ring)
                                (no ring)

@: very slightly contaminated, very quick, not resistant to hostile
enchantments, stealthy
A: unfitting armour, see invisible, herbivore 3, speed 3, slow metabolism 2
a: no special abilities


You were on level 2 of the Dungeon.
You were not hungry.

You visited 1 branch of the dungeon, and saw 2 of its levels.

You collected 26 gold pieces.

Inventory:

Hand weapons
 a - a +1,+1 dagger (weapon)
Missiles
 d - 12 darts (quivered)
Armour
 b - a +1 robe (worn)
Scrolls
 h - a scroll of remove curse {unknown}
 k - a scroll of identify {unknown}
 l - a scroll of amnesia {unknown}
Jewellery
 g - a +3,+4 ring of slaying {unknown}
 i - an uncursed ring of ice {unknown}
Potions
 e - a potion of porridge
 f - a potion of curing {unknown}
 j - 2 potions of might {unknown}
Books
 c - a book of Maledictions

   Spells                             Type                      Level
   *Corona                            Hexes                        1
   Sure Blade                         Hexes/Charms                 2
   *Ensorcelled Hibernation           Hexes/Ice                    2
   Confuse                            Hexes                        3
   Enslavement                        Hexes                        4
   Invisibility                       Hexes                        6


   Skills:
 * Level 2.0 Short Blades
 - Level 1.1 Throwing
 - Level 3.0 Dodging
 * Level 3.6 Stealth
 + Level 3.0 Spellcasting
 + Level 3.7 Hexes


You had 4 spell levels left.
You knew the following spells:

 Your Spells              Type           Power        Failure   Level  Hunger
a - Corona                Hex            ##.....      4%          1    #......
b - Ensorcelled Hibernat  Hex/Ice        #.....       14%         2    ##.....


Dungeon Overview and Level Annotations

Branches:
Dungeon (2/15)

Altars:

Annotations:
D:2 Crazy Yiuf


Innate Abilities, Weirdness & Mutations

You are tiny and cannot use many weapons and most armour.
You have supernaturally acute eyesight.
You are a herbivore.
You cover ground extremely quickly.
You need consume almost no food.


Message History

Confirm with . or Enter, or press ? or * to list all spells.
Aiming: Ensorcelled Hibernation
Press: ? - help, Shift-Dir - straight line, f/p - Crazy Yiuf
Aim: Crazy Yiuf, wielding a quarterstaff of chaos and wearing a cloak You miscast Ensorcelled Hibernation.
You are very lightly contaminated with residual magic.
Wisps of condensation drift from your hands.
Crazy Yiuf drinks a potion.
Crazy Yiuf seems to speed up.
Casting: Ensorcelled Hibernation
Confirm with . or Enter, or press ? or * to list all spells.
Aiming: Ensorcelled Hibernation
Press: ? - help, Shift-Dir - straight line, f/p - Crazy Yiuf
Aim: Crazy Yiuf, wielding a quarterstaff of chaos and wearing a cloak (moving very quickly) Crazy Yiuf resists.
Crazy Yiuf screams, "Cod!"
Crazy Yiuf hits you with a quarterstaff of chaos.
* * * LOW HITPOINT WARNING * * *
Space warps horribly around you!
Ouch! That really hurt!
You die...

#####
#)..#
#...#
...
##g##♣
♣♣@♣♣♣
♣♣♣.♣♣♣
♣♣♣.♣♣♣
♣♣♣♣.♣♣
♣♣♣♣.♣♣♣
♣♣♣...♣♣
♣♣....♣♣
##....##
##..##


You could see Crazy Yiuf.

Vanquished Creatures
  An ooze (D:1)
  2 giant cockroaches (D:1)
  3 goblins (D:1)
  2 hobgoblins (D:1)
  2 kobolds (D:1)
  3 bats (D:1)
  3 rats (D:1)
16 creatures vanquished.

Notes
Turn   | Place    | Note
--------------------------------------------------------------
     0 | D:1      | Kae, the Spriggan Enchanter, began the quest for the Orb.
     0 | D:1      | Reached XP level 1. HP: 9/9 MP: 4/4
   272 | D:1      | Reached XP level 2. HP: 8/13 MP: 7/7
   309 | D:1      | Learned a level 2 spell: Ensorcelled Hibernation
   991 | D:2      | Noticed Crazy Yiuf
   998 | D:2      | Demolished by Crazy Yiuf

Action                   || total
-------------------------++-------
Melee: Dagger            ||    64
 Cast: Corona            ||     3
       Ensorcelled Hiber ||     2
 Stab: Sleeping          ||     5
